 Dungeon Crawl Stone Soup version 0.27-a0-334-g52645efa06 (webtiles) character file.

Game seed: 16180183129022704192

2810 dracos369 the Geomancer (level 9, -1/45 HPs)
             Began as a Gargoyle Earth Elementalist on Feb 13, 2021.
             Was a Follower of Sif Muna.
             Slain by an orc warrior
             ... wielding a +0 halberd
              (16 damage)
             ... on level 8 of the Dungeon.
             The game lasted 00:25:15 (8486 turns).

dracos369 the Geomancer (GrEE)                      Turns: 8486, Time: 00:25:16

Health: -1/45      AC: 13    Str: 12    XL:     9   Next: 72%
Magic:  7/12       EV: 10    Int: 25    God:    Sif Muna [*.....]
Gold:   124        SH:  5    Dex: 10    Spells: 6/12 levels left

rFire    + . .     SeeInvis .   E - +4 dagger (elec)
rCold    . . .     Faith    .   (no shield)
rNeg     + . .     Spirit   .   n - +0 ring mail {rF+}
rPois    ∞         Reflect  +   y - +0 helmet
rElec    +         Harm     .   (no cloak)
rCorr    .         Rampage  .   (no gloves)
Will     +....                  (no boots)
Stlth    +.........             F - amulet of reflection
HPRegen  0.15/turn              z - +6 ring of intelligence
MPRegen  0.13/turn              u - ring of willpower

@: very slightly contaminated, invisible
A: negative energy resistance 1, electricity resistance, unbreathing,
petrification resistance, miasma immunity, AC +6
a: Renounce Religion, Channel Magic


You were on level 8 of the Dungeon.
You worshipped Sif Muna.
Sif Muna was aware of your devotion.
You visited 2 branches of the dungeon, and saw 9 of its levels.

You collected 432 gold pieces.
You spent 308 gold pieces at shops.

Inventory:

Hand Weapons
 x - a +2 rapier of protection
 B - a +0 quarterstaff of draining
 E - a +4 dagger of electrocution (weapon)
Missiles
 b - 234 stones
Armour
 n - a +0 ring mail of fire resistance (worn)
 y - a +0 helmet (worn)
 G - a +0 kite shield
Jewellery
 s - a ring of flight
 u - a ring of willpower (right hand)
 z - a +6 ring of intelligence (left hand)
 F - an amulet of reflection (around neck)
Wands
 v - a wand of polymorph (23)
 D - a wand of digging (3)
Scrolls
 c - a scroll of amnesia {unknown}
 e - 10 scrolls of identify {unknown}
 h - a scroll of enchant weapon {unknown}
 j - 4 scrolls of teleportation {unknown}
 l - a scroll of blinking {unknown}
 m - a scroll of enchant armour {unknown}
 o - 3 scrolls of magic mapping {unknown}
 p - a scroll of noise {unknown}
 q - a scroll of fear {unknown}
 r - a scroll of acquirement {unknown}
Potions
 a - 8 potions of curing
 d - 2 potions of degeneration {unknown}
 f - 2 potions of flight {unknown}
 g - 2 potions of cancellation {unknown}
 i - 2 potions of haste
 k - 4 potions of heal wounds
 t - 4 potions of invisibility
 w - 4 potions of might
 A - 2 potions of lignification {unknown}
 C - 2 potions of magic {unknown}


   Skills:
 + Level 5.7 Armour
 - Level 1.5 Dodging
 - Level 2.1 Stealth
 - Level 2.0 Spellcasting
 + Level 8.3 Conjurations
 - Level 0.7 Transmutations
 + Level 11.3 Earth Magic


You had 6 spell levels left.
You knew the following spells:

 Your Spells              Type           Power        Failure   Level
a - Stone Arrow           Conj/Erth      100%         1%          3
b - Blink                 Tloc           N/A          34%         2
s - Sandblast             Erth           100%         1%          1

Your spell library contained the following spells:

 Spells                   Type           Power        Failure   Level
 Magic Dart               Conj           100%         1%          1
 Passwall                 Tmut/Erth      26%          3%          2
 Lee's Rapid Deconstruct  Erth           28%          6%          5
 Conjure Flame            Conj/Fire      23%          12%         3
 Petrify                  Tmut/Erth      32%          19%         4
 Mephitic Cloud           Conj/Pois/Air  16%          22%         3
 Call Imp                 Summ           2%           34%         2
 Slow                     Hex            2%           34%         2


Dungeon Overview and Level Annotations

Branches:
Dungeon (8/15)             Temple (1/1) D:5
   Lair: D:8-11

Altars:
Ashenzari
Cheibriados
Dithmenos
Elyvilon
Fedhas
Gozag
Hepliaklqana
Kikubaaqudgha
Makhleb
Nemelex Xobeh
Okawaru
Qazlal
Ru
Sif Muna
Trog
Uskayaw
Vehumet
Wu Jian
Xom
Yredelemnul
Zin
The Shining One

Shops:
D:4 :   D:8 !

Annotations:
D:3 3 runed translucent doors, bmj180's ghost, amateur DrCj; inc's ghost, weakling FeSu; kae's ghost, amateur DrTm; kae's ghost, amateur HOFi; ma3's ghost, amateur HOFE


Innate Abilities, Weirdness & Mutations

You are resistant to torment.
Your stone body is resilient. (AC +6)
You are immune to poison.
You resist negative energy. (rN+)
You are resistant to electric shocks. (rElec)
You can survive without breathing.
You are immune to petrification.
You are immune to miasma.


Message History

Sif Muna accepts your kill.
G - a +0 kite shield An orc comes into view.
It is wielding a +0 whip.
You are too injured to fight recklessly!
You are too injured to fight recklessly!
Things that are here:
a +0 halberd; a gnoll corpse The orc shouts!
Something shouts, "Slither away, thou rank clapper-clawed crab-lanthorn!"
The orc closely misses you.
You hit the orc but do no damage.
A white imp comes into view.
The orc barely misses you.
You barely miss the orc. The orc hits you but does no damage.
You completely miss the orc. The orc barely misses you.
You puncture the orc! Lightning courses through the orc!
You kill the orc!
Sif Muna accepts your kill.
An orc warrior comes into view. It is wielding a +0 halberd.
You hit the orc warrior but do no damage.
Lightning courses through the orc warrior!
The orc warrior is moderately wounded.
You block the orc warrior's attack. The white imp gestures at you.
The puff of frost misses you.
You catch the helpless orc warrior completely off-guard!
You hit the orc warrior but do no damage.
The orc warrior is moderately wounded.
The orc warrior barely misses you. The white imp gestures at you.
The puff of frost hits you!
You hit the orc warrior but do no damage.
The orc warrior is moderately wounded.
The white imp gestures at you.
The puff of frost hits you but does no damage.
The orc warrior closely misses you.
You closely miss the orc warrior.
The orc warrior is moderately wounded.
The orc warrior hits you with a +0 halberd!
You die...

./..†††.......#####
.#.#####(......#
#.......##
########).......#
........#....##.##
##...........##..#
##.....5.....###.#
......o......# #.##
#####+#@#....# #..#
#.#...)# ##.#
#.#....####.####.#
#.#....##........#
. #.#
...##.#..###.#
....#########)#
####.##.# #.#
.B..'..)....).#
#.##.# #.#
....###########
#.##.# #.# .
#.##.###.#


You could see an orc warrior and a white imp.

Vanquished Creatures
  A harpy (D:8)
  Prince Ribbit (D:6)
  Eustachio (D:4)
  An ice beast (D:8)
  A sky beast (D:5)
  2 centaurs
  2 ogres
  A gnoll sergeant (D:8)
  4 bullfrogs
  3 howler monkeys (D:8)
  3 orc priests
  2 centaur skeletons
  4 hounds
  A bullfrog skeleton (D:7)
  3 iguanas
  13 orc wizards
  3 worker ants
  6 gnolls
  8 adders
  2 shadow imps
  An ufetubus (D:5)
  2 oozes
  4 worms
  2 dart slugs (D:2)
  5 leopard geckos
  29 orcs
  2 ball pythons
  9 bats
  3 bat zombies (D:6)
  7 giant cockroaches
  13 goblins
  9 hobgoblins
  15 jackals
  13 kobolds
  4 quokkas
  2 frilled lizards
  A giant cockroach zombie (D:6)
  A leopard gecko zombie (D:5)
  10 rats
  A rat zombie (D:6)
195 creatures vanquished.

Vanquished Creatures (others)
  A goblin (D:3)
  4 plants (D:4)
5 creatures vanquished.

Grand Total: 200 creatures vanquished

Notes
Turn   | Place    | Note
-------+----------+-------------------------------------------
     0 | D:1      | dracos369 the Gargoyle Earth Elementalist began the quest
                  | for the Orb.
     0 | D:1      | Reached XP level 1. HP: 10/10 MP: 3/3
   132 | D:1      | Reached skill level 4 in Earth Magic
   174 | D:1      | Reached XP level 2. HP: 15/15 MP: 3/5
   824 | D:1      | Reached XP level 3. HP: 19/19 MP: 3/6
   828 | D:1      | Reached skill level 5 in Earth Magic
  1291 | D:2      | Reached XP level 4. HP: 15/24 MP: 1/7
  1305 | D:2      | Reached skill level 6 in Earth Magic
  1997 | D:2      | Reached XP level 5. HP: 28/28 MP: 4/8
  2030 | D:2      | Learned a level 3 spell: Stone Arrow
  2059 | D:2      | Reached skill level 1 in Conjurations
  2441 | D:2      | Reached skill level 7 in Earth Magic
  3137 | D:3      | Reached XP level 6. HP: 11/32 MP: 3/9
  3646 | D:3      | Found a runed translucent gate.
  3646 | D:3      | Found a runed translucent gate.
  3646 | D:3      | Found a runed translucent gate.
  3646 | D:3      | Noticed kae's ghost (amateur HOFi)
  3646 | D:3      | Noticed inc's ghost (weakling FeSu)
  3646 | D:3      | Noticed ma3's ghost (amateur HOFE)
  3646 | D:3      | Noticed bmj180's ghost (amateur DrCj)
  3647 | D:3      | Noticed kae's ghost (amateur DrTm)
  3881 | D:4      | Reached skill level 8 in Earth Magic
  3926 | D:4      | Reached XP level 7. HP: 28/36 MP: 3/10
  4243 | D:4      | Noticed Eustachio
  4253 | D:4      | Killed Eustachio
  4500 | D:4      | Found Ymuwnemu's Book Shop.
  4973 | D:5      | Entered Level 5 of the Dungeon
  5229 | D:5      | Found a blossoming altar of Fedhas.
  5235 | D:5      | Reached skill level 5 in Conjurations
  5235 | D:5      | Reached skill level 9 in Earth Magic
  5429 | D:5      | Reached XP level 8. HP: 41/41 MP: 1/11
  5784 | D:5      | Reached skill level 1 in Armour
  5824 | D:5      | Found a staircase to the Ecumenical Temple.
  5833 | Temple   | Entered the Ecumenical Temple
  5949 | Temple   | Became a worshipper of Sif Muna the Loreminder
  6160 | D:6      | Noticed Prince Ribbit
  6354 | D:6      | Found an ancient bone altar of Kikubaaqudgha.
  6457 | D:6      | Killed Prince Ribbit
  6776 | D:6      | Learned a level 2 spell: Blink
  6889 | D:6      | Reached skill level 10 in Earth Magic
  7238 | D:5      | Found a sparkling altar of Nemelex Xobeh.
  7654 | D:7      | Reached XP level 9. HP: 45/45 MP: 12/12
  8090 | D:7      | Reached * piety under Sif Muna
  8233 | D:8      | Found Rumpamat's Distillery.
  8241 | D:8      | Bought a potion of might for 44 gold pieces
  8241 | D:8      | Bought a potion of curing for 33 gold pieces
  8241 | D:8      | Bought 2 potions of invisibility for 176 gold pieces
  8241 | D:8      | Bought a potion of heal wounds for 55 gold pieces
  8252 | D:8      | Noticed a two-headed ogre
  8253 | D:8      | Noticed a harpy
  8253 | D:8      | a two-headed ogre changed into a harpy
  8256 | D:8      | Killed a harpy
  8257 | D:8      | Reached skill level 5 in Armour
  8257 | D:8      | Reached skill level 11 in Earth Magic
  8486 | D:8      | Slain by an orc warrior

Illustrated notes

Levels and vault maps discovered:
D:1:      heliophobic_arrival_dark_side_of_the_moon, layout_loops_ring,
          minmay_tree_intersection, minmay_pentomino_q2
D:2:      layout_rooms, roderic_serpentine_path
D:3:      layout_loops_ring, gammafunk_ghost_cemetery
D:4:      cheibrodos_old_hovel, layout_loops_ring, serial_shops, shop,
          uniq_eustachio
D:5:      lemuel_upstairs_altar, layout_basic, minmay_temple_entry_trees,
          fedhas_bush_and_centaur_altar
D:6:      layout_gridville, lemuel_zombie_altar_kikubaaqudgha,
          eino_small_chamber_without_monster, uniq_prince_ribbit1
D:7:      layout_loops_ring
D:8:      layout_basic, basic_altar, serial_shops, nicolae_shop_crystal
Temple:   kilobyte_greek_temple

Skill      XL: |  1  2  3  4  5  6  7  8  9 |
---------------+----------------------------+-----
Earth Magic    | 4 5 6 7 8 9 10 11 | 11.3
Conjurations   | 2 3 5 7 8 |  8.3
Armour         | 3 5 |  5.7
Dodging        | |  1.5
Stealth        | |  2.1
Spellcasting   | |  2.0
Transmutations | |  0.7

Action                   |  1- 3 |  4- 6 |  7- 9 || total
-------------------------+-------+-------+-------++-------
Melee: Club              |     9 |       |       ||     9
       Spear             |       |    36 |       ||    36
       Quarterstaff      |       |    58 |    66 ||   124
       Rapier            |       |       |    31 ||    31
       Dagger            |       |       |   108 ||   108
 Cast: Sandblast         |    45 |    70 |    47 ||   162
       Stone Arrow       |       |     3 |    38 ||    41
Evoke: Wand              |       |       |     1 ||     1
  Use: Potion            |       |       |     1 ||     1
 Stab: Invisible         |       |       |     2 ||     2
Armor: Robe              |     6 |    14 |       ||    20
       Leather armour    |       |    34 |    37 ||    71
       Ring mail         |       |       |   100 ||   100
Dodge: Dodged            |     5 |    77 |   139 ||   221
Block: Other             |       |       |    12 ||    12

Table legend: (Time is in decaauts)
 A = Elapsed time spent in this place.
 B = Non-inter-level travel time spent in this place.
 C = Inter-level travel time spent in this place.
 D = Time resting spent in this place.
 E = Time spent auto-exploring this place.
 F = Levels seen in this place.
 G = Mean time per level.
                   A        B        C        D        E       F      G
               +--------+--------+--------+--------+--------+-----+--------+
         Total |   8529 |   8122 |    407 |    988 |   5891 |   9 |  947.7 |
       Dungeon |   8358 |   7965 |    393 |    988 |   5743 |   8 | 1044.8 |
        Temple |    170 |    156 |     14 |      0 |    148 |   1 |  170.0 |
               +--------+--------+--------+--------+--------+-----+--------+

Top non-repeatable levels by time:
     D:1: 1401 daAuts
     D:3: 1294 daAuts
     D:2: 1200 daAuts
     D:6: 1177 daAuts
     D:4: 1149 daAuts
     D:5: 985 daAuts
     D:7: 881 daAuts
     D:8: 266 daAuts
  Temple: 170 daAuts
